 Dungeon Crawl Stone Soup version 0.31-a0-229-g1fc7ce93e2 (webtiles) character file.

Game seed: 13759557568585804581

125 qw the Shooter (level 5, 0/30 HPs)
             Began as a Gargoyle Hexslinger on July 6, 2023.
             Slain by a gnoll sergeant
             ... wielding a +0 trident
              (11 damage)
             ... on level 3 of the Dungeon.
             The game lasted 00:00:56 (1734 turns).

qw the Shooter (Gargoyle Hexslinger)                Turns: 1734, Time: 00:00:57

Health: 0/30       AC: 10    Str: 11    XL:     5   Next: 9%
Magic:  6/6        EV: 11    Int: 14    God:
Gold:   1          SH:  0    Dex: 14    Spells: 5/6 levels left

rFire   . . .        Y - +2 sling
rCold   . . .        (no shield)
rNeg    + . .        k - +1 leather armour {Will+}
rPois   inf          (no helmet)
rElec   +            m - +0 cloak
rCorr   .            h - +0 pair of gloves
SInv    .            (no boots)
Will    +....        (no amulet)
Stlth   +            (no ring)
HPRegen 0.25/turn    (no ring)
MPRegen 0.10/turn

%: no passive effects
@: no status effects
A: sickness immunity, AC +4, negative energy resistance 1, electricity
resistance, torment resistance 1, petrification resistance
a: no special abilities


You were on level 3 of the Dungeon.
You visited 1 branch of the dungeon, and saw 3 of its levels.

You collected 126 gold pieces.
You spent 125 gold pieces at shops.


Innate Abilities, Weirdness & Mutations

You are immune to sickness and miasma.
Your stone body is resilient. (AC +4)
You are immune to poison.
You resist negative energy. (rN+)
You are resistant to electric shocks. (rElec)
You are resistant to unholy torment.
You are immune to petrification.


   Skills:
 - Level 2.0 Fighting
 + Level 4.8 Ranged Weapons
 - Level 1.5 Dodging
 - Level 1.0 Spellcasting
 - Level 2.6 Hexes


You had 5 spell levels left.
You knew the following spells:

 Your Spells              Type           Power      Damage    Failure   Level
a - Slow                  Hex            32%        N/A       12%         1

Your spell library contained the following spells:

 Spells                   Type           Power      Damage    Failure   Level
 Inner Flame              Hex/Fire       4%         N/A       52%         3
 Portal Projectile        Hex/Tloc       8%         N/A       52%         3
 Cause Fear               Hex            4%         N/A       75%         4

Inventory:

Hand Weapons
 Y - a +2 sling (weapon)
Armour
 h - a +0 pair of gloves (worn)
 k - a +1 leather armour of willpower (worn)
 m - a +0 cloak (worn)
Scrolls
 j - a scroll of identify
Potions
 b - a potion of magic {unknown}
 c - a potion of enlightenment
 d - a potion of resistance
 g - 2 potions of curing
 l - a potion of mutation {unknown}

Dungeon Overview and Level Annotations

Branches:
Dungeon (3/15)

Altars:
Cheibriados

Shops:
D:2 *   D:3 *


Message History

You shoot a sling bullet.
The sling bullet barely misses the gnoll sergeant.
The gnoll barely misses you.
The gnoll sergeant hits you with a +0 trident.
You shoot a sling bullet.
The gnoll sergeant blocks the sling bullet.
The gnoll sergeant hits you with a +0 trident!
The gnoll closely misses you.
1728 ||| DRINKING potion of heal wounds.
You feel much better.
A gnoll comes into view. It is wielding a +0 halberd.
The gnoll barely misses you.
The gnoll sergeant hits you with a +0 trident.
You shoot a sling bullet.
The sling bullet hits the gnoll sergeant!
The gnoll sergeant is moderately wounded.
The gnoll closely misses you. The gnoll sergeant closely misses you.
You shoot a sling bullet.
The sling bullet hits the gnoll sergeant but does no damage.
The gnoll sergeant is moderately wounded.
The gnoll hits you from afar with a +0 spear.
The gnoll sergeant closely misses you.
You shoot a sling bullet.
The sling bullet hits the gnoll sergeant.
The gnoll sergeant is moderately wounded.
The gnoll sergeant barely misses you. The gnoll barely misses you.
The gnoll sergeant barely misses you. The gnoll closely misses you.
You shoot a sling bullet.
The sling bullet hits the gnoll sergeant but does no damage.
The gnoll sergeant is moderately wounded.
The gnoll hits you but does no damage. The gnoll sergeant barely misses you.
You shoot a sling bullet.
The gnoll sergeant blocks the sling bullet.
The gnoll barely misses you. The gnoll sergeant barely misses you.
You shoot a sling bullet.
The gnoll sergeant blocks the sling bullet.
The gnoll sergeant closely misses you.
The gnoll hits you from afar with a +0 spear.
The gnoll sergeant hits you with a +0 trident!
You die...

#....# #....# ######...$#
:......... ########
....g)) ##....... .og.
#......##
##g#########........
#..@......##.##.#...
....)......###.......#...
...........######.##.#.##
..................#..#.##
.......................##
..........)..............
....##...##............##
##.# .....######.##.#..##
#.#<..#..#


You could see a gnoll sergeant, 2 gnolls and an orc.

Vanquished Creatures
  An orc priest (D:3)
  3 adders (D:2)
  4 dart slugs
  3 orcs (D:3)
  4 ball pythons
  4 endoplasms
  A giant cockroach (D:1)
  7 goblins
  8 hobgoblins
  3 jackals (D:2)
  A quokka (D:2)
  7 bats
  A frilled lizard (D:1)
  4 kobolds
  5 rats
56 creatures vanquished.

Notes
Turn   | Place    | Note
-------+----------+-------------------------------------------
     0 | D:1      | qw the Gargoyle Hexslinger began the quest for the Orb.
     0 | D:1      | Reached XP level 1. HP: 12/12 MP: 2/2
     0 | D:1      | 0 ||| qw: Version: 0.3-a-46-gb1f654a
     0 | D:1      | 0 ||| qw: Game counter: 1083
     0 | D:1      | 0 ||| qw: Melee chars always use a shield: true
     0 | D:1      | 0 ||| qw: God list: Okawaru
     0 | D:1      | 0 ||| qw: Allow faded altars: false
     0 | D:1      | 0 ||| qw: Do Orc after clearing Dungeon:15 true
     0 | D:1      | 0 ||| qw: Do second Lair branch before Depths: true
     0 | D:1      | 0 ||| qw: Lair rune preference: random
     0 | D:1      | 0 ||| qw: Goals: Normal
     0 | D:1      | 0 ||| PLANNING D:1-11
    98 | D:1      | 98 ||| Stepping ~*~*~tactically~*~*~ (outnumbered).
   105 | D:1      | 105 ||| FLEEEEING.
   109 | D:1      | Reached XP level 2. HP: 12/16 MP: 3/3
   154 | D:1      | Reached skill level 3 in Ranged Weapons
   428 | D:1      | 428 ||| UPGRADING to +0 ring mail.
   438 | D:1      | 438 ||| DROPPING +0 robe.
   439 | D:1      | 439 ||| UPGRADING to +0 pair of gloves.
   444 | D:1      | 444 ||| UPGRADING to +1 leather armour of willpower.
   454 | D:1      | 454 ||| DROPPING +0 ring mail.
   455 | D:1      | 455 ||| READING scroll labelled RIZAM CEFU.
   456 | D:1      | 456 ||| READING scroll labelled EPNYQU AHAL.
   457 | D:1      | 457 ||| READING 2 scrolls labelled CURUXE ONNUADUNOES.
   458 | D:1      | 458 ||| DRINKING 2 bubbling red potions.
   464 | D:1      | 464 ||| DROPPING scroll of poison.
   465 | D:1      | 465 ||| DROPPING potion of ambrosia.
   487 | D:2      | Reached XP level 3. HP: 21/21 MP: 4/4
   892 | D:2      | Found Sexkaij's Assorted Antiques.
   900 | D:2      | 900 ||| SHOPLISTING embroidered cloak (165 gold, have 106).
   900 | D:2      | 900 ||| BUYING fuming inky potion (19 gold).
   900 | D:2      | Bought a fuming inky potion for 19 gold pieces
   900 | D:2      | 900 ||| SHOPLISTING glowing shortbow (132 gold, have 87).
   900 | D:2      | 900 ||| BUYING lumpy puce potion (19 gold).
   900 | D:2      | Bought a lumpy puce potion for 19 gold pieces
   900 | D:2      | 900 ||| BUYING scroll labelled SOQOX QUG FOALUL (22 gold).
   900 | D:2      | Bought a scroll labelled SOQOX QUG FOALUL for 22 gold
                  | pieces
   980 | D:2      | Reached XP level 4. HP: 26/26 MP: 5/5
  1077 | D:2      | Reached skill level 4 in Ranged Weapons
  1097 | D:2      | HP: 5/26 [jackal (3)]
  1108 | D:2      | HP: 5/26 [jackal (3)]
  1123 | D:2      | HP: 5/26 [jackal (3)]
  1240 | D:2      | Found a snail-covered altar of Cheibriados.
  1343 | D:2      | 1343 ||| UPGRADING to +0 cloak.
  1348 | D:2      | 1348 ||| READING scroll labelled SOQOX QUG FOALUL.
  1349 | D:2      | 1349 ||| READING scroll labelled CAUN ZYNOUCVA.
  1350 | D:2      | 1350 ||| READING scroll labelled EGICOL HUILOBB.
  1451 | D:2      | 1451 ||| DRINKING 2 sedimented emerald potions.
  1452 | D:2      | 1452 ||| DRINKING 2 white potions.
  1453 | D:2      | 1453 ||| READING 5 scrolls of identify.
  1453 | D:2      | 1453 ||| IDENTIFYING fuming inky potion
  1454 | D:2      | 1454 ||| READING 4 scrolls of identify.
  1454 | D:2      | 1454 ||| IDENTIFYING lumpy puce potion
  1455 | D:2      | 1455 ||| READING 3 scrolls of identify.
  1455 | D:2      | 1455 ||| IDENTIFYING pink potion
  1456 | D:2      | 1456 ||| READING 2 scrolls of identify.
  1456 | D:2      | 1456 ||| IDENTIFYING puce potion
  1457 | D:2      | 1457 ||| DROPPING potion of attraction.
  1458 | D:2      | 1458 ||| DROPPING potion of brilliance.
  1553 | D:3      | Reached XP level 5. HP: 10/30 MP: 6/6
  1555 | D:3      | HP: 6/30 [frozen (3)]
  1556 | D:3      | 1556 ||| DRINKING potion of heal wounds.
  1671 | D:3      | Found Buhep's General Store.
  1677 | D:3      | 1677 ||| BUYING potion of heal wounds (65 gold).
  1677 | D:3      | Bought a potion of heal wounds for 65 gold pieces
  1721 | D:3      | 1721 ||| Stepping ~*~*~tactically~*~*~ (outnumbered).
  1727 | D:3      | HP: 2/30 [gnoll sergeant/+0 trident (11)]
  1728 | D:3      | 1728 ||| DRINKING potion of heal wounds.
  1734 | D:3      | Slain by a gnoll sergeant

Levels and vault maps discovered:
D:1:      dpeg_arrival_lava_temple_mockup, layout_rooms, dreamdust_wishing_well
D:2:      layout_loops_cross, serial_shops, nicolae_lakefront_shop, basic_altar,
          minmay_randomly_rotated_circles
D:3:      layout_basic, serial_shops, nicolae_shop_rolling_square,
          nicolae_shop_statue_plus, nicolae_shop_bloodbath_and_beyond,
          gammafunk_ghost_necromancy

Skill      XL: |  1  2  3  4 |
---------------+-------------+-----
Ranged Weapons | 3 4 |  4.8
Fighting       | 2 |  2.0
Dodging        | |  1.5
Spellcasting   | |  1.0
Hexes          | |  2.6

Action                     |  1- 3 |  4- 6 || total
---------------------------+-------+-------++-------
   Fire: Sling             |   105 |   108 ||   213
    Use: Scroll            |     3 |     7 ||    10
         Potion            |     1 |     4 ||     5
 Armour: Robe              |     2 |       ||     2
         Leather armour    |     6 |    52 ||    58
  Dodge: Dodged            |    28 |   112 ||   140

Table legend:
 A = Non-vault XP
 B = Vault XP
 C = Vault XP percentage of total XP
 D = Non-vault monster count
 E = Vault monster count
 F = Vault count percentage of total count
                 A         B        C        D         E       F
            +---------+---------+-------+---------+---------+-------
      Total |     156 |      23 |  12.8 |      50 |       6 |  10.7
            +---------+---------+-------+---------+---------+-------
        D:1 |      33 |       0 |   0.0 |      19 |       0 |   0.0
        D:2 |      60 |      23 |  27.7 |      20 |       6 |  23.1
        D:3 |      63 |       0 |   0.0 |      11 |       0 |   0.0
            +---------+---------+-------+---------+---------+-------
